 Dungeon Crawl Stone Soup version 0.22-a0-429-g97ce8ef (webtiles) character file.

10304 Azzok the Jinx (level 11, -2/66 HPs)
             Began as a Deep Elf Enchanter on Apr 6, 2018.
             Was an Elder of Vehumet.
             Killed from afar by Fannar (8 damage)
             ... with a bolt of cold
             ... on level 11 of the Dungeon on May 25, 2018.
             The game lasted 00:32:53 (13697 turns).

Azzok the Jinx (Deep Elf Enchanter)                Turns: 13697, Time: 00:32:54

Health: -2/66      AC: 12    Str:  5    XL:     11   Next: 34%
Magic:  12/24      EV: 17    Int: 24    God:    Vehumet [****..]
Gold:   601        SH:  0    Dex: 15    Spells: 16/25 levels left

rFire    . . .     SeeInvis .   G - +1 dagger (speed)
rCold    . . .     Gourm    .   (no shield)
rNeg     . . .     Faith    .   b - +0 robe
rPois    .         Spirit   .   O - +1 helmet
rElec    .         Reflect  .   u - +2 cloak
rCorr    .         Harm     .   E - +2 pair of gloves
MR       +....                  F - +1 pair of boots
Stlth    +++.......             (no amulet)
HPRegen  0.21/turn              l - +4 ring of evasion
MPRegen  0.19/turn              I - ring of stealth

@: no status effects
A: no striking features
a: Renounce Religion


You were on level 11 of the Dungeon.
You worshipped Vehumet.
Vehumet was greatly pleased with you.
You were hungry.

You visited 2 branches of the dungeon, and saw 12 of its levels.
You also visited: Ossuary.

You collected 601 gold pieces.

Inventory:

Hand Weapons
 o - a +0 blowgun
 G - a +1 dagger of speed (weapon)
 M - a +0 quick blade of protection
Missiles
 p - 51 poisoned needles
Armour
 b - a +0 robe (worn)
 u - a +2 cloak (worn)
 E - a +2 pair of gloves (worn)
 F - a +1 pair of boots (worn)
 O - a +1 helmet (worn)
Jewellery
 l - a +4 ring of evasion (left hand)
 w - an uncursed ring of protection from fire
 I - a ring of stealth (right hand)
 K - a cursed amulet of the acrobat
Wands
 D - a wand of acid (5)
Scrolls
 a - 3 scrolls of teleportation
 e - 7 scrolls of remove curse
 f - a scroll of enchant armour
 i - a scroll of fog
 j - 2 scrolls of random uselessness
 q - 7 scrolls of blinking
 r - a scroll of noise
 v - 2 scrolls of enchant weapon {unknown}
 z - 2 scrolls of immolation
 J - 2 scrolls of amnesia
 L - a scroll of summoning
 N - a scroll of identify
Potions
 c - 5 potions of flight {unknown}
 g - 5 potions of curing {unknown}
 h - 2 potions of degeneration {unknown}
 k - 4 potions of agility {unknown}
 m - 2 potions of mutation {unknown}
 s - a potion of brilliance {unknown}
 t - a potion of berserk rage {unknown}
 x - 5 potions of heal wounds {unknown}
 A - 2 potions of lignification {unknown}
 B - a potion of magic {unknown}
 C - 2 potions of might {unknown}
 H - a potion of ambrosia {unknown}
Comestibles
 d - 21 rations


   Skills:
 + Level 6.9 Fighting
 - Level 10.0 Short Blades
 - Level 2.4 Dodging
 - Level 3.6 Stealth
 + Level 7.9 Spellcasting
 + Level 9.1 Conjurations
 - Level 10.5 Hexes


You had 16 spell levels left.
You knew the following spells:

 Your Spells              Type           Power        Failure   Level  Hunger
a - Corona                Hex            ######.      1%          1    None
b - Ensorcelled Hibernat  Hex/Ice        ####..       1%          2    None
c - Confuse               Hex            ######..     1%          3    None
d - Dazzling Spray        Conj/Hex       ######       1%          3    None

Your spell library contained the following spells:

 Spells                   Type           Power        Failure   Level  Hunger
 Lightning Bolt           Conj/Air       ####......   8%          5    #####..
 Throw Frost              Conj/Ice       ####..       1%          2    None
 Freeze                   Ice            #...         1%          1    None
 Summon Ice Beast         Ice/Summ       #.......     54%         4    ###....
 Ozocubu's Armour         Chrm/Ice       #.......     21%         3    None
 Tukima's Dance           Hex            ######..     1%          3    None
 Shock                    Conj/Air       ####         1%          1    None
 Swiftness                Chrm/Air       #.......     10%         2    None
 Throw Icicle             Conj/Ice       ####....     2%          4    ###....
 Airstrike                Air            #.........   17%         4    ###....
 Static Discharge         Conj/Air       ####....     1%          3    None


Dungeon Overview and Level Annotations

Branches:
Dungeon (11/15)            Temple (1/1) D:5            Lair (0/6) D:8
    Orc (0/2) D:10

Altars:
Ashenzari
Elyvilon
Gozag
Nemelex Xobeh
Ru
Sif Muna
Trog
Uskayaw
Vehumet
Yredelemnul
Beogh

Shops:
D:10 }

Annotations:
D:11 Fannar


Message History

Confirm with . or Enter, or press ? or * to list all spells.
Aiming: Confuse (safe; 1% risk of failure)
Press: ? - help, Shift-Dir - straight line, f/p - Fannar
Aim: Fannar, wielding a quarterstaff of freezing, wearing a robe of cold resistance and wearing a ring of ice (lightly wounded, covered in an icy film, chance to defeat MR: 25%) Fannar resists with almost no effort.
Fannar gestures wildly while chanting.
Fannar drains the heat from the surrounding environment!
You feel very cold.
* * * LOW HITPOINT WARNING * * *
Fannar is frozen.
Fannar resists.
Fannar is lightly wounded.
Casting: Confuse (safe; 1% risk of failure)
Confirm with . or Enter, or press ? or * to list all spells.
Aiming: Confuse (safe; 1% risk of failure)
Press: ? - help, Shift-Dir - straight line, f/p - Fannar
Aim: Fannar, wielding a quarterstaff of freezing, wearing a robe of cold resistance and wearing a ring of ice (lightly wounded, covered in an icy film, chance to defeat MR: 25%) Fannar resists with almost no effort.
Fannar points at you and mumbles some strange words.
The bolt of cold hits you!
You die...

··············▒··▒···········▒▒▒▒
··············▒▒▒▒···········▒···
·····························▒···
·····························▒···
·····························▒···
·····▒▒▒▒▒▒▒▒················'···
·····▒······▒················▒▒▒▒
·····▒······▒·······e············
····▒▒······▒···@················
▒▒▒·▒·······▒······▒▒▒▒▒▒▒▒▒▒····
▒·▒·······▒······▒ ▒····
▒·▒▒▒▒▒▒▒'▒······▒ ▒····
▒·············▒▒▒▒ ▒····
▒···)·········▒ ▒····
▒·············▒ ▒····
▒▒▒▒▒▒▒▒▒▒▒▒▒▒▒ ▒···· ▒▒▒▒▒


You could see Fannar.

Vanquished Creatures
  3 two-headed ogres
  A wolf spider zombie (D:11)
  An ugly thing (D:11)
  A gargoyle (D:10)
  A centaur zombie (D:11)
  A troll (D:10)
  A hornet (D:10)
  4 hippogriffs
  A vampire (D:9)
  2 hungry ghosts
  Menkaure (D:7)
  10 orc warriors
  2 ice beasts
  3 sky beasts
  3 phantoms
  Purgy (D:2)
  An eye of draining (D:11)
  6 ogres
  2 centaurs
  2 big kobolds
  4 bullfrogs
  A gnoll sergeant (D:9)
  A scorpion (D:11)
  2 howler monkeys
  4 crimson imps
  A quasit (D:7)
  A bullfrog zombie (D:7)
  7 hounds
  7 jellies
  A bullfrog skeleton (D:4)
  2 centaur skeletons
  9 orc priests
  Crazy Yiuf (D:3)
  A gnoll shaman (D:5)
  9 orc wizards
  Jessica (D:2)
  Natasha (thrice) (D:3)
  7 worker ants
  2 hound skeletons
  3 mummies
  2 worker ant zombies
  A howler monkey zombie (D:7)
  18 gnolls
  12 adders
  A shadow imp (D:4)
  An ooze (D:4)
  An adder zombie (D:9)
  5 worms
  A dart slug (D:3)
  5 leopard geckos
  50 orcs
  A ball python (D:2)
  4 giant cockroaches
  3 gnoll zombies (Ossuary)
  7 goblins
  7 hobgoblins
  6 jackals
  2 quokkas
  2 bats
  3 frilled lizards
  A hobgoblin zombie (Ossuary)
  10 kobolds
  2 leopard gecko skeletons
  A leopard gecko zombie (D:5)
  2 orc zombies (Ossuary)
  4 rats
266 creatures vanquished.

Vanquished Creatures (others)
  A leopard gecko (D:11)
1 creature vanquished.

Grand Total: 267 creatures vanquished

Notes
Turn   | Place    | Note
-------+----------+-------------------------------------------
     0 | D:1      | Azzok the Deep Elf Enchanter began the quest for the Orb.
     0 | D:1      | Reached XP level 1. HP: 10/10 MP: 6/6
   318 | D:1      | Reached XP level 2. HP: 15/15 MP: 6/8
   323 | D:1      | Learned a level 2 spell: Ensorcelled Hibernation
   899 | D:2      | Noticed Jessica
   987 | D:2      | Killed Jessica
   987 | D:2      | Reached skill level 5 in Hexes
   987 | D:2      | Reached XP level 3. HP: 19/19 MP: 2/9
  1013 | D:2      | Learned a level 3 spell: Confuse
  1344 | D:2      | Reached XP level 4. HP: 24/24 MP: 5/10
  1907 | D:3      | Noticed Purgy
  1916 | D:2      | Killed Purgy
  1916 | D:2      | Reached XP level 5. HP: 23/28 MP: 2/11
  2177 | D:3      | Noticed Natasha
  2186 | D:3      | Killed Natasha
  2312 | D:3      | Noticed Natasha
  2356 | D:3      | Killed Natasha
  2413 | D:3      | Learned a level 3 spell: Dazzling Spray
  2438 | D:3      | Noticed Natasha
  2442 | D:3      | Killed Natasha
  2551 | D:3      | Reached XP level 6. HP: 26/32 MP: 9/12
  2949 | D:3      | Reached skill level 1 in Conjurations
  3024 | D:3      | Found a runed door.
  3028 | D:3      | Noticed Crazy Yiuf
  3034 | D:3      | Killed Crazy Yiuf
  3034 | D:3      | Reached skill level 1 in Fighting
  4156 | D:4      | Reached XP level 7. HP: 38/38 MP: 6/13
  4487 | D:4      | Reached skill level 5 in Short Blades
  4827 | D:5      | Entered Level 5 of the Dungeon
  4828 | D:5      | Upgraded the game from 0.22-a0-346-ga714374 to 0.22-a0-429-g97ce8ef
  5430 | D:5      | Found a staircase to the Ecumenical Temple.
  5439 | Temple   | Entered the Ecumenical Temple
  5494 | Temple   | Became a worshipper of Vehumet
  5579 | D:5      | Found a white marble altar of Elyvilon.
  5878 | D:5      | Reached XP level 8. HP: 45/45 MP: 10/14
  6802 | D:6      | Found a sand-covered staircase.
  6814 | Ossuary  | Entered an ossuary
  6892 | Ossuary  | Reached * piety under Vehumet
  6892 | Ossuary  | Offered knowledge of Sting by Vehumet.
  7083 | D:6      | Found a sparkling altar of Nemelex Xobeh.
  7383 | D:7      | Reached skill level 5 in Conjurations
  7576 | D:7      | Noticed Menkaure
  7732 | D:7      | Killed Menkaure
  7732 | D:7      | Reached XP level 9. HP: 52/52 MP: 12/15
  8150 | D:7      | Reached skill level 10 in Hexes
  8552 | D:8      | Found a staircase to the Lair.
  8610 | D:8      | Noticed a two-headed ogre
  8617 | D:8      | Killed a two-headed ogre
  8617 | D:8      | Reached skill level 5 in Fighting
  8714 | D:8      | Offered knowledge of Sandblast by Vehumet.
  8717 | D:8      | Reached ** piety under Vehumet
  8810 | D:8      | Found a bloodstained altar of Trog.
  8889 | D:8      | Found an opulent altar of Gozag.
  9017 | D:8      | You fall through a shaft!
  9535 | D:9      | Found a bloodstained altar of Trog.
 10050 | D:9      | Reached XP level 10. HP: 45/59 MP: 11/16
 10168 | D:9      | Found a deep blue altar of Sif Muna.
 10507 | D:9      | Found a sacrificial altar of Ru.
 10513 | D:9      | Found a hide-covered altar of Uskayaw.
 10628 | D:10     | Entered Level 10 of the Dungeon
 11006 | D:10     | Reached skill level 10 in Short Blades
 11018 | D:10     | Found Qegrad's Gadget Boutique.
 11111 | D:10     | Noticed a two-headed ogre
 11571 | D:9      | Offered knowledge of Ignite Poison by Vehumet.
 11978 | D:10     | Found a roughly hewn altar of Beogh.
 11978 | D:10     | Found a staircase to the Orcish Mines.
 11979 | D:10     | Noticed a gargoyle
 12034 | D:10     | Reached *** piety under Vehumet
 12252 | D:10     | Killed a gargoyle
 12252 | D:10     | Reached skill level 5 in Spellcasting
 12546 | D:10     | Killed a two-headed ogre
 12664 | D:10     | Reached XP level 11. HP: 64/64 MP: 17/22
 12841 | D:11     | Offered knowledge of Stone Arrow by Vehumet.
 12886 | D:11     | Noticed a brown ugly thing
 12909 | D:11     | Killed a brown ugly thing
 13362 | D:11     | Reached **** piety under Vehumet
 13620 | D:11     | Noticed a two-headed ogre
 13629 | D:11     | Killed a two-headed ogre
 13629 | D:11     | Offered knowledge of Olgreb's Toxic Radiance by Vehumet.
 13692 | D:11     | Noticed Fannar
 13697 | D:11     | Killed from afar by Fannar

Vault maps used:
D:1:      tarquinn_simple_flora_water_a
D:2:      uniq_jessica
D:3:      uniq_natasha, uniq_purgy, uniq_crazy_yiuf_cottage
D:4:      kennysheep_potato
D:5:      kennysheep_mini_moat, lemuel_temple_firewalk_b, first_ration,
          minmay_strange_pillars
D:6:      lemuel_round_altar, gup_ossuary_entry_pyramid
D:7:      grunt_ogre_cave, uniq_menkaure
D:8:      nicolae_gozag_cash_rules_everything_around_me, dpeg_oklobed_lair,
          basic_altar
D:9:      bloody_trog, gammafunk_temple_overflow_forgotten
D:10:     david_orc_5, serial_shops, shop
D:11:     grunt_ministairs_7, minmay_fountain_box, uniq_fannar
Temple:   regret_index_temple_generic_petals
Ossuary:  ossuary_tomb_3

Skill      XL: |  1  2  3  4  5  6  7  8  9 10 11 |
---------------+----------------------------------+-----
Short Blades   | 2 3 4 5 6 8 10 | 10.0
Hexes          | 5 6 7 8 9 10 | 10.5
Conjurations   | 2 3 5 6 8 9 |  9.1
Fighting       | 1 2 4 5 6 |  6.9
Spellcasting   | 6 7 |  7.9
Dodging        | |  2.4
Stealth        | |  3.6

Action                   |  1- 3 |  4- 6 |  7- 9 | 10-12 || total
-------------------------+-------+-------+-------+-------++-------
Melee: Dagger            |    58 |    82 |   370 |   246 ||   756
 Cast: Corona            |     5 |     1 |     6 |     1 ||    13
       Ensorcelled Hiber |    18 |    54 |    92 |   114 ||   278
       Confuse           |       |     8 |    49 |    25 ||    82
  Use: Scroll            |       |       |     1 |    12 ||    13
 Stab: Sleeping          |    11 |    39 |    66 |    81 ||   197
       Confused          |       |     4 |    30 |    20 ||    54
  Eat: Chunk             |     2 |    11 |    23 |    13 ||    49
       Ration            |       |       |     1 |       ||     1
Armor: Robe              |     7 |     8 |    38 |    36 ||    89
Dodge: Dodged            |    51 |    65 |   166 |   106 ||   388

Table legend:
 A = Spawn XP
 B = Non-spawn XP
 C = Spawn XP percentage of total XP
 D = Spawn monster count
 E = Non-spawn monster count
 F = Spawn count percentage of total count
 G = Total turns spent on level
                    A         B        C        D         E        F      G
               +---------+---------+-------+---------+---------+-------+---------
         Total |       0 |   14720 |   0.0 |       0 |     266 |   0.0 | 13697
               +---------+---------+-------+---------+---------+-------+---------
           D:1 |       0 |      16 |   0.0 |       0 |      10 |   0.0 |   948
           D:2 |       0 |     225 |   0.0 |       0 |      19 |   0.0 |  1240
           D:3 |       0 |     303 |   0.0 |       0 |      29 |   0.0 |  1681
           D:4 |       0 |     497 |   0.0 |       0 |      25 |   0.0 |   958
           D:5 |       0 |     664 |   0.0 |       0 |      21 |   0.0 |  1388
           D:6 |       0 |     676 |   0.0 |       0 |      15 |   0.0 |  1042
           D:7 |       0 |    1489 |   0.0 |       0 |      27 |   0.0 |  1031
           D:8 |       0 |    1438 |   0.0 |       0 |      10 |   0.0 |  1071
           D:9 |       0 |    1288 |   0.0 |       0 |      20 |   0.0 |  1543
          D:10 |       0 |    4529 |   0.0 |       0 |      53 |   0.0 |  1699
          D:11 |       0 |    3569 |   0.0 |       0 |      30 |   0.0 |   875
       Ossuary |       0 |      26 |   0.0 |       0 |       7 |   0.0 |   132
               +---------+---------+-------+---------+---------+-------+---------
